 Dungeon Crawl Stone Soup version 0.26.1-2-gb8aa6d0cf2 (webtiles) character file.

Game seed: 1704342197794199678

140 hobsini the Vandal (level 5, -7/49 HPs)
             Began as a Troll Hunter on Feb 13, 2021.
             Killed by divine providence
             ... invoked by an orc priest
              (14 damage)
             ... on level 3 of the Dungeon.
             The game lasted 00:16:17 (2120 turns).

hobsini the Vandal (Troll Hunter)                   Turns: 2120, Time: 00:16:17

Health: -7/49      AC:  6    Str: 21    XL:     5   Next: 2%
Magic:  4/4        EV: 10    Int:  7    God:
Gold:   156        SH:  0    Dex: 10    Spells: 4/4 levels left

rFire    . . .     SeeInvis .   j - +1 short sword (drain)
rCold    . . .     Faith    .   (no shield)
rNeg     . . .     Spirit   .   c - +0 robe
rPois    .         Reflect  .   (helmet restricted)
rElec    .         Harm     .   (no cloak)
rCorr    .         Rampage  .   (gloves unavailable)
Will     .....                  (boots unavailable)
Stlth    +.........             (no amulet)
HPRegen  0.56/turn              (no ring)
MPRegen  0.09/turn              (no ring)

@: no status effects
A: large, unfitting armour, claws 3, regeneration 1, shaggy fur 1, tough skin 3
a: no special abilities


You were on level 3 of the Dungeon.
You visited 1 branch of the dungeon, and saw 3 of its levels.

You collected 156 gold pieces.

Inventory:

Hand Weapons
 a - a +1 hunting sling
 b - a +0 short sword
 j - a +1 short sword of draining (weapon)
 m - a +0 flail
 t - a +0 flail
Missiles
 d - 20 sling bullets
 f - 67 stones (quivered)
 q - 10 boomerangs
Armour
 c - a +0 robe (worn)
Scrolls
 g - 3 scrolls of remove curse {unknown}
 h - 5 scrolls of identify {unknown}
 i - 2 scrolls of fear {unknown}
 l - 2 scrolls of teleportation {unknown}
 n - a scroll of enchant armour {unknown}
 o - a scroll of amnesia {unknown}
 r - a scroll of immolation {unknown}
Potions
 e - a potion of lignification {unknown}
 k - a potion of berserk rage {unknown}
 p - 3 potions of heal wounds {unknown}
 s - a potion of magic {unknown}
 u - a potion of flight {unknown}


   Skills:
 + Level 1.9 Fighting
 + Level 2.2 Short Blades
 + Level 3.0 Slings
 + Level 2.5 Dodging
 + Level 0.7 Stealth


You had 4 spell levels left.
You didn't know any spells.
Your spell library was empty.

Dungeon Overview and Level Annotations

Branches:
Dungeon (3/15)

Altars:
Ru


Innate Abilities, Weirdness & Mutations

You are too large for most types of armour.
You have claws for hands.
Your natural rate of healing is unusually fast.
You are covered in fur. (AC +1)
You have extremely tough skin. (AC +3)


Message History

The orc is moderately wounded.
The orc priest misses you. The orc hits you but does no damage.
You closely miss the orc.
The orc is moderately wounded.
The orc priest hits you from afar with a +0 trident.
The orc hits you but does no damage.
You hit the orc.
The orc is almost dead.
The orc priest hits you from afar with a +0 trident.
The orc hits you with a +0 dagger.
You hit the orc.
You kill the orc!
The orc priest calls down the wrath of Beogh upon you.
Pain shoots through your body!
* * * LOW HITPOINT WARNING * * *
You hit the orc. You drain the orc.
The orc is almost dead.
The orc priest invokes the aid of Beogh against you.
Beogh smites you!
You die...

.###......##.......###..#.#
.# ##.........<...........#
# #....##........#.....#
#....# #.......<....#
#....# ##......[#.######
...#....####[......o.o.....
#.....).......o#.##.######
. ###..........#o#..).# #
##..........#@#...## #
##...........#.#.#..#
###...#.#.....##.#.##...
..(...........##.#.# #....
(#.................. .##..
...[................ .. .
..(.....#....##..... ##
#####......# #...#
...#.....###


You could see an orc priest and an orc (drained).

Vanquished Creatures
  Jessica (D:2)
  5 adders
  An ooze (D:2)
  4 leopard geckos
  4 orcs (D:3)
  7 bats
  3 giant cockroaches
  6 goblins
  6 hobgoblins
  6 jackals
  8 kobolds
  A ball python (D:3)
  6 frilled lizards
  A rat (D:1)
59 creatures vanquished.

Notes
Turn   | Place    | Note
-------+----------+-------------------------------------------
     0 | D:1      | hobsini the Troll Hunter began the quest for the Orb.
     0 | D:1      | Reached XP level 1. HP: 19/19 MP: 0/0
   165 | D:1      | Reached skill level 3 in Slings
   165 | D:1      | Reached XP level 2. HP: 25/27 MP: 1/1
   864 | D:1      | Reached XP level 3. HP: 32/34 MP: 2/2
  1194 | D:2      | Reached skill level 1 in Short Blades
  1590 | D:2      | Reached XP level 4. HP: 36/42 MP: 3/3
  1594 | D:2      | Noticed Jessica
  1615 | D:2      | Killed Jessica
  1650 | D:2      | Found a sacrificial altar of Ru.
  2105 | D:3      | Reached XP level 5. HP: 28/49 MP: 4/4
  2120 | D:3      | Killed from afar by an orc priest

Illustrated notes

Levels and vault maps discovered:
D:1:      scummos_arrival_hexagon, layout_basic, st_stairs_5
D:2:      layout_basic, lemuel_crystal_altar, minmay_pentomino_x4, uniq_jessica
D:3:      layout_rooms

Skill      XL: |  1  2  3  4 |
---------------+-------------+-----
Slings         | 3 |  3.0
Dodging        | 2 |  2.5
Short Blades   | 1 2 |  2.2
Fighting       | |  1.9
Stealth        | |  0.7

Action                   |  1- 3 |  4- 6 || total
-------------------------+-------+-------++-------
Melee: Short sword       |   166 |    47 ||   213
 Stab: Sleeping          |       |     1 ||     1
Armor: Robe              |    99 |    11 ||   110
Dodge: Dodged            |   130 |    20 ||   150
